 Dungeon Crawl Stone Soup version 0.26-a0-710-g95a0c6c400 (webtiles) character file.

Game seed: 478100304226451777

7012 P0NYSLAYSTATION the Slicer (level 11, -5/93 HPs)
             Began as a Hill Orc Monk on Oct 30, 2020.
             Was a High Priest of Yredelemnul.
             Killed from afar by a starcursed mass (8 damage)
             ... with an accursed screaming
             ... on level 1 of the Abyss.
             The game lasted 00:43:15 (10775 turns).

P0NYSLAYSTATION the Slicer (Hill Orc Monk)         Turns: 10775, Time: 00:43:16

Health: -5/93      AC: 15    Str: 19    XL:     11   Next: 8%
Magic:  12/12      EV: 15    Int: 10    God:    Yredelemnul [*****.]
Gold:   871        SH:  7    Dex: 25    Spells: 10/12 levels left

rFire    . . .     SeeInvis .   e - +4 dagger (drain)
rCold    . . .     Faith    +   o - +0 buckler
rNeg     . . .     Spirit   .   L - +0 ring mail "Baxeshac" {MR- rCorr Dex+9}
rPois    .         Reflect  .   (helmet restricted)
rElec    .         Harm     .   w - scarf {+Inv}
rCorr    +         Rampage  .   H - +0 pair of gloves
MR       .....     Clarity  +   E - +2 pair of boots
Stlth    +++++.....             I - amulet of faith
HPRegen  0.25/turn              N - ring of protection from magic
MPRegen  0.13/turn              h - +4 ring of protection

@: berserk cooldown, slowed, very slow
A: horns 1, thin skeletal structure 1, clarity, strong 1
a: Recall Undead Slaves, Injury Mirror, Animate Dead, Drain Life, Enslave Soul,
Renounce Religion, Evoke Invisibility


You were on level 1 of the Abyss.
You worshipped Yredelemnul.
Yredelemnul was extremely pleased with you.
You visited 2 branches of the dungeon, and saw 12 of its levels.
You visited the Abyss 1 time.
You also visited: Sewer.

You collected 871 gold pieces.

Inventory:

Hand Weapons
 a - a +0 falchion
 e - a +4 dagger of draining (weapon)
 g - a +4 trident
 s - the +0 broad axe of Disorder {drain, rC+}
   (You found it on level 6 of the Dungeon)

   A truly terrible weapon, it drains the life of those it strikes.
   It protects you from cold.
Missiles
 f - 9 javelins (quivered)
 n - 66 poisoned darts
 r - 12 boomerangs
 D - 3 throwing nets
Armour
 b - a +0 robe
 j - a +0 ring mail
 o - a +0 buckler (worn)
 p - the +2 pair of boots "Puon" {*Drain rF+ Str+2}
   (You acquired it on level 1 of the Abyss)

   It affects your strength (+2).
   It protects you from fire.
   It causes draining when unequipped.
 t - a +0 pair of boots
 w - a scarf of invisibility (worn)
 E - a +2 pair of boots (worn)
 H - a +0 pair of gloves (worn)
 L - the +0 ring mail "Baxeshac" (worn) {MR- rCorr Dex+9}
   (You took it off an orc on level 5 of the Dungeon)

   It affects your dexterity (+9).
   It affects your resistance to hostile enchantments.
   It provides partial protection from all sources of acid and corrosion.
 P - a +0 crystal plate armour
Jewellery
 d - an uncursed ring of wizardry
 h - a +4 ring of protection (right hand)
 I - an amulet of faith (around neck)
 N - a ring of protection from magic (left hand)
 T - an uncursed amulet of regeneration
Wands
 z - a wand of iceblast (8)
 B - a wand of polymorph (17)
 C - a wand of paralysis (13)
 S - a wand of flame (29)
Scrolls
 i - 10 scrolls of remove curse
 k - 3 scrolls of amnesia
 A - 4 scrolls of fog
 J - a scroll of enchant weapon {unknown}
 O - a scroll of teleportation {unknown}
 Q - a scroll of blinking {unknown}
 R - a scroll of fear {unknown}
 U - a scroll of magic mapping {unknown}
Potions
 c - a potion of mutation
 l - 3 potions of stabbing
 m - a potion of flight
 q - 3 potions of lignification
 u - 2 potions of berserk rage
 v - 3 potions of invisibility
 G - 3 potions of brilliance
 K - 2 potions of curing {unknown}
 M - 2 potions of heal wounds {unknown}


   Skills:
 + Level 7.7 Fighting
 + Level 8.5(8.9) Short Blades
 - Level 3.9(7.1) Long Blades
 + Level 7.5 Armour
 + Level 5.1 Dodging
 + Level 7.1 Stealth
 + Level 5.4 Shields
 + Level 1.2 Spellcasting
 + Level 1.3 Necromancy
 + Level 1.1 Invocations


You had 10 spell levels left.
You knew the following spells:

 Your Spells              Type           Power        Failure   Level
a - Animate Skeleton      Necr           #.....       32%         1
b - Pain                  Necr           #...         32%         1

Your spell library contained the following spells:

 Spells                   Type           Power        Failure   Level
 Vampiric Draining        Necr           #.........   67%         3
 Animate Dead             Necr           #.........   97%         4
 Agony                    Necr           #.......     100%        5
 Haunt                    Necr/Summ      #.........   100%        7
 Borgnjor's Revivificati  Necr           #.........   100%        8
 Infestation              Necr           #.........   100%        8
 Necromutation            Tmut/Necr      #.........   100%        8
 Death's Door             Necr           #.........   100%        9


Dungeon Overview and Level Annotations

Branches:
Dungeon (11/15)            Temple (1/1) D:7            Lair (0/6) D:10
    Orc (0/2) D:10          Sewer (visited)

Altars:
Ashenzari
Cheibriados
Dithmenos
Elyvilon
Fedhas
Gozag
Hepliaklqana
Kikubaaqudgha
Makhleb
Nemelex Xobeh
Okawaru
Qazlal
Ru
Sif Muna
Trog
Uskayaw
Vehumet
Wu Jian
Xom
Yredelemnul
Zin
The Shining One

Annotations:
D:3 Menkaure
D:10 Sonja


Innate Abilities, Weirdness & Mutations

You have a pair of small horns on your head.
You have a somewhat thin skeletal structure. (Dex +2, Stealth)
You possess an exceptional clarity of mind.
Your muscles are strong. (Str +2)


Message History

You closely miss the small abomination. You headbutt the small abomination!
The small abomination is almost destroyed.
A starcursed mass splits.
You completely miss the small abomination.
The small abomination is almost destroyed.
You puncture the small abomination!
You destroy the small abomination!
Yredelemnul accepts your kill.
You feel a strong urge to attack something.
You feel your anger nearly subside.
You are no longer berserk.
You pass out from exhaustion.
You feel yourself slow down. A chorus of shrieks assaults your mind.
* * * LOW HITPOINT WARNING * * *
You can move again.
A worldbinder comes into view.
A starcursed mass splits.
A chorus of shrieks assaults your mind.
You die...
Your body rises from the dead as a mindless zombie.

##.
.#.#....#......#....
.
.#..#.#x.#.§..XX...
.### ##.....#
..#.###. ## ##
#x....#.##........ #
.##
...##x#.#§.#...##. #
..#...##..#.§..##..#
. .# #. #.....#..#.#
.# . # .. #.#.#.###
# ..## #.#@..# ##
#.#. .#..###### .
##.. . ..# . ##. ..#
# x # . . . ... . #


You could see 2 starcursed masses, a worldbinder (wandering) and a small
abomination (wandering).

Vanquished Creatures
  An unseen horror (D:10)
  Pikel (D:5)
  A phantasmal warrior (Abyss:1)
  A centaur zombie (D:8)
  A komodo dragon (D:10)
  A wraith (D:8)
  A wyvern (D:10)
  A water moccasin (Sewer)
  3 sky beasts
  An ice beast (D:5)
  2 phantoms
  2 centaurs (D:8)
  5 ogres
  A lemure (D:5)
  2 big kobolds (D:8)
  A small abomination (Abyss:1)
  6 killer bees (D:9)
  4 scorpions
  2 troll zombies (D:10)
  4 wights (D:6)
  4 howler monkeys
  3 jellies
  3 bullfrog zombies
  8 hounds
  A gnoll shaman (D:4)
  An orc priest (D:10)
  3 bullfrog skeletons
  5 iguanas
  6 worker ants
  An orc wizard (D:7)
  A killer bee zombie (D:6)
  A hound zombie (D:7)
  A hound skeleton (D:5)
  2 worker ant zombies (D:6)
  2 howler monkey skeletons (D:8)
  18 gnolls
  17 adders
  4 shadow imps
  4 white imps
  3 ufetubi
  An adder skeleton (D:7)
  4 worms
  3 dart slugs
  9 leopard geckos
  25 orcs
  3 ball pythons
  17 bats
  8 giant cockroaches
  7 goblins
  11 hobgoblins
  18 jackals
  12 kobolds
  5 quokkas
  4 frilled lizards
  A goblin skeleton (D:10)
  A goblin zombie (D:10)
  A hobgoblin zombie (D:10)
  An orc skeleton (D:10)
  4 orc zombies (D:10)
  A quokka zombie (D:7)
  7 rats
272 creatures vanquished.

Vanquished Creatures (collateral kills)
  A centaur warrior (D:10)
  A gargoyle (D:10)
  A shadow (D:10)
  A wraith (D:10)
  A bullfrog (D:10)
  A bullfrog zombie (D:8)
  3 ogre zombies (D:10)
  A hound zombie (D:8)
  A hound skeleton (D:8)
  3 kobolds (D:8)
  3 hobgoblin skeletons (D:10)
  An orc skeleton (D:10)
  6 orc zombies (D:10)
24 creatures vanquished.

Vanquished Creatures (others)
  2 flying skulls (D:10)
  A wight (D:10)
  A quokka (D:5)
4 creatures vanquished.

Grand Total: 300 creatures vanquished

Notes
Turn   | Place    | Note
-------+----------+-------------------------------------------
     0 | D:1      | P0NYSLAYSTATION the Hill Orc Monk began the quest for the
                  | Orb.
     0 | D:1      | Reached XP level 1. HP: 19/19 MP: 1/1
   144 | D:1      | Reached XP level 2. HP: 26/27 MP: 2/2
   646 | D:1      | Reached XP level 3. HP: 33/33 MP: 3/3
   916 | D:3      | Reached skill level 1 in Short Blades
   916 | D:3      | Reached XP level 4. HP: 20/41 MP: 4/4
  1247 | D:3      | Found an ornate altar of the Wu Jian Council.
  1373 | D:3      | Reached skill level 1 in Armour
  1404 | D:4      | Found a glowing drain.
  1413 | D:4      | Reached XP level 5. HP: 47/47 MP: 5/5
  1430 | Sewer    | Entered a sewer
  1468 | Sewer    | Noticed a water moccasin
  1479 | Sewer    | Killed a water moccasin
  1479 | Sewer    | Reached skill level 2 in Short Blades
  1479 | Sewer    | Reached XP level 6. HP: 48/53 MP: 6/6
  1836 | D:5      | Entered Level 5 of the Dungeon
  1903 | D:5      | Reached skill level 1 in Shields
  1944 | D:5      | Noticed an ice beast
  1955 | D:5      | Gained mutation: You possess an exceptional clarity of
                  | mind. [potion of mutation]
  1955 | D:5      | Gained mutation: Your muscles are strong. (Str +2) [potion
                  | of mutation]
  1955 | D:5      | Gained mutation: You have a pair of small horns on your
                  | head. [potion of mutation]
  1955 | D:5      | Gained mutation: You have a somewhat thin skeletal
                  | structure. (Dex +2, Stealth) [potion of mutation]
  1960 | D:5      | Killed an ice beast
  1960 | D:5      | Reached skill level 3 in Short Blades
  2218 | D:6      | Got a blackened broad axe
  2219 | D:6      | Identified the cursed +0 broad axe of Disorder {drain, rC+}
                  | (You found it on level 6 of the Dungeon)
  2246 | D:6      | Reached XP level 7. HP: 60/60 MP: 7/7
  2274 | D:5      | Reached skill level 5 in Fighting
  2431 | D:6      | Found a sacrificial altar of Ru.
  2767 | D:7      | Reached skill level 4 in Short Blades
  2847 | D:7      | Reached XP level 8. HP: 69/69 MP: 8/8
  2876 | D:7      | Found a bloodstained altar of Trog.
  2885 | D:7      | Found a snail-covered altar of Cheibriados.
  3037 | D:8      | Reached skill level 5 in Short Blades
  3083 | D:9      | Reached skill level 5 in Armour
  3283 | D:10     | Entered Level 10 of the Dungeon
  3332 | D:10     | Noticed a gargoyle
  3402 | D:9      | Found an iron altar of Okawaru.
  3461 | D:9      | You fall into a shaft and drop 1 floor!
  3476 | D:10     | Reached XP level 9. HP: 77/77 MP: 9/9
  3531 | D:10     | Reached skill level 6 in Short Blades
  3565 | D:10     | Found a staircase to the Lair.
  3582 | D:11     | Noticed a komodo dragon
  3589 | D:11     | Noticed a centaur warrior
  4297 | D:5      | Identified the cursed +0 ring mail "Baxeshac" {MR- rCorr
                  | Dex+9}
  4369 | D:3      | Found a transporter.
  4373 | D:3      | Found a transporter.
  4374 | D:3      | Found a basalt altar of Yredelemnul.
  4409 | D:3      | Found an ancient bone altar of Kikubaaqudgha.
  4418 | D:3      | Noticed Menkaure
  4489 | D:3      | Became a worshipper of Yredelemnul the Dark
  4489 | D:3      | Reached * piety under Yredelemnul
  4489 | D:3      | Reached ** piety under Yredelemnul
  6009 | D:4      | Found a stormy altar of Qazlal.
  6388 | D:5      | Noticed Pikel
  6404 | D:5      | Killed Pikel
  6404 | D:5      | Reached skill level 5 in Stealth
  6490 | D:5      | Reached *** piety under Yredelemnul
  6516 | D:5      | Found a white marble altar of Elyvilon.
  7312 | D:6      | Noticed a cyan ugly thing
  7671 | D:6      | Reached skill level 7 in Short Blades
  7687 | D:6      | Reached XP level 10. HP: 72/84 MP: 10/10
  8265 | D:7      | Reached **** piety under Yredelemnul
  8336 | D:7      | Found a staircase to the Ecumenical Temple.
  8406 | Temple   | Entered the Ecumenical Temple
  8527 | D:8      | Received a gift from Yredelemnul (4 flying skulls)
  8960 | D:8      | Learned a level 1 spell: Animate Skeleton
  8962 | D:8      | Learned a level 1 spell: Pain
  9006 | D:8      | Found a shadowy altar of Dithmenos.
  9403 | D:9      | Found a sparkling altar of Nemelex Xobeh.
  9538 | D:9      | Received a gift from Yredelemnul (5 flying skulls)
  9833 | D:10     | Killed a gargoyle
  9922 | D:10     | Received a gift from Yredelemnul (a wight)
  9926 | D:10     | Noticed a centaur warrior
  9937 | D:10     | Killed a centaur warrior
  9937 | D:10     | Reached skill level 8 in Short Blades
  9937 | D:10     | Reached skill level 1 in Necromancy
  9965 | D:10     | Reached ***** piety under Yredelemnul
  9968 | D:10     | Found a staircase to the Orcish Mines.
  9981 | D:10     | Reached skill level 5 in Shields
  9981 | D:10     | Reached skill level 1 in Spellcasting
 10445 | D:10     | Killed an unseen horror
 10445 | D:10     | Reached skill level 5 in Dodging
 10445 | D:10     | Reached skill level 1 in Invocations
 10445 | D:10     | Reached XP level 11. HP: 82/92 MP: 12/12
 10519 | D:10     | Noticed Sonja
 10526 | D:10     | Cast into level 1 of the Abyss (Sonja)
 10688 | Abyss:1  | Noticed a vampire mage
 10714 | Abyss:1  | Noticed a phantasmal warrior
 10737 | Abyss:1  | Noticed a large abomination
 10739 | Abyss:1  | Noticed a wretched star
 10748 | Abyss:1  | Identified a scroll of acquirement
 10748 | Abyss:1  | Acquired the +2 pair of boots "Puon" {*Drain rF+ Str+2}
 10762 | Abyss:1  | Noticed a starcursed mass
 10765 | Abyss:1  | Killed a phantasmal warrior
 10774 | Abyss:1  | HP: 2/93 [starcursed mass/accursed screaming (10)]
 10775 | Abyss:1  | Noticed a worldbinder
 10775 | Abyss:1  | Killed from afar by a starcursed mass

Illustrated notes

Levels and vault maps discovered:
D:1:      minmay_arrival_hallway, layout_basic, minmay_tromino_i4
D:2:      layout_rooms, kennysheep_potato
D:3:      layout_loops_ring, gammafunk_temple_of_torment, marbit_many_paths,
          grunt_decor_cap, minmay_crystal_water, minmay_misc_feat_four_crosses
D:4:      layout_cave_pools, grunt_qazlal_sundering, portal_sewer_entry_f,
          minmay_misc_feat_enclosed, minmay_misc_feat_secret_circle
D:5:      layout_gridville, elyvilon_altar_4, chequers_avenue, uniq_pikel
D:6:      layout_rooms, basic_altar
D:7:      layout_basic, amethyst_overflow_temple_binary,
          minmay_temple_entry_junction, minmay_misc_feat_rows
D:8:      layout_loops_ring, overflow_temple_1_default
D:9:      layout_irregular_city, nemelex_xobeh_ov_fountains_minmay,
          lemuel_altar_in_water
D:10:     layout_basic, lair_entry_dummy, zombieorc1_lemuel,
          kennysheep_generic_room_12, uniq_sonja
D:11:     minmay_the_grid_square_5x5_5x5 [minmay_the_grid_square_5x5_bracketed,
          minmay_the_grid_square_5x5_inner_z,
          minmay_the_grid_square_5x5_tetrominoes,
          minmay_the_grid_square_5x5_broken_cross,
          minmay_the_grid_square_5x5_minibox,
          minmay_the_grid_square_5x5_checkered_statues,
          minmay_the_grid_square_5x5_prize_open,
          minmay_the_grid_square_5x5_mess,
          minmay_the_grid_square_5x5_prize_itemx,
          minmay_the_grid_square_5x5_hourglass,
          minmay_the_grid_square_5x5_inset, minmay_the_grid_square_5x5_inner_i,
          minmay_the_grid_square_5x5_prize_junk,
          minmay_the_grid_square_5x5_moneybag, minmay_the_grid_square_5x5_n,
          minmay_the_grid_square_5x5_spiral_small,
          minmay_the_grid_square_5x5_prize_rear_guard,
          minmay_the_grid_square_5x5_plus,
          minmay_the_grid_square_5x5_prize_monsterx,
          minmay_the_grid_square_5x5_tie,
          minmay_the_grid_square_5x5_beaten_path,
          minmay_the_grid_square_5x5_gyroscope,
          minmay_the_grid_square_5x5_three_walls,
          minmay_the_grid_square_5x5_misaligned,
          minmay_the_grid_square_5x5_minivault], layout_layer_cave, special_room
          [special_room_orc], uniq_josephine
Temple:   cyrus_circular_temple
Abyss:1:  base:
D:6

Skill      XL: |  1  2  3  4  5  6  7  8  9 10 |
---------------+-------------------------------+-----
Fighting       | 4 5 6 7 |  7.7
Short Blades   | 1 2 3 4 5 7 8 |  8.5
Dodging        | 3 4 5 |  5.1
Stealth        | 2 3 5 7 |  7.1
Armour         | 1 2 4 5 6 7 |  7.5
Shields        | 2 3 4 5 |  5.4
Necromancy     | 1 |  1.3
Spellcasting   | 1 |  1.2
Invocations    | 1 |  1.1
Long Blades    | |  3.9

Action                   |  1- 3 |  4- 6 |  7- 9 | 10-12 || total
-------------------------+-------+-------+-------+-------++-------
Melee: Falchion          |    27 |       |       |       ||    27
       Dagger            |    59 |   147 |   455 |   266 ||   927
       Headbutt          |       |     1 |   109 |    84 ||   194
Throw: Javelin           |       |     1 |       |       ||     1
 Cast: Animate Skeleton  |       |       |       |     4 ||     4
Invok: Injury Mirror     |       |       |       |     1 ||     1
       Animate Dead      |       |       |       |     1 ||     1
  Use: Scroll            |       |     9 |     2 |     8 ||    19
       Potion            |       |     1 |     3 |     3 ||     7
 Stab: Sleeping          |     1 |     2 |    23 |    13 ||    39
       Distracted        |       |     1 |     2 |     1 ||     4
Armor: Robe              |    14 |       |       |       ||    14
       Ring mail         |    25 |    41 |   113 |    59 ||   238
       Crystal plate arm |       |       |       |    20 ||    20
Dodge: Dodged            |    72 |    72 |   181 |   113 ||   438
Block: Buckler           |       |    17 |    65 |    52 ||   134
       Rpst.: Falchion   |    11 |       |       |       ||    11

Table legend: (Time is in decaauts)
 A = Elapsed time spent in this place.
 B = Non-inter-level travel time spent in this place.
 C = Inter-level travel time spent in this place.
 D = Time resting spent in this place.
 E = Time spent auto-exploring this place.
 F = Levels seen in this place.
 G = Mean time per level.
                   A        B        C        D        E       F      G
               +--------+--------+--------+--------+--------+-----+--------+
         Total |  10458 |   9872 |    586 |    206 |   6945 |  14 |  747.0 |
       Dungeon |  10028 |   9451 |    577 |    206 |   6720 |  11 |  911.6 |
        Temple |     52 |     43 |      9 |      0 |     43 |   1 |   52.0 |
         Abyss |    201 |    201 |      0 |      0 |     34 |   1 |  201.0 |
         Sewer |    175 |    175 |      0 |      0 |    148 |   1 |  175.0 |
               +--------+--------+--------+--------+--------+-----+--------+

Top non-repeatable levels by time:
     D:1: 1384 daAuts
     D:7: 1257 daAuts
     D:5: 1200 daAuts
     D:9: 1117 daAuts
     D:6: 1054 daAuts
     D:3: 978 daAuts
     D:8: 925 daAuts
    D:10: 851 daAuts
     D:4: 764 daAuts
     D:2: 479 daAuts
 Abyss:1: 201 daAuts
   Sewer: 175 daAuts
  Temple: 52 daAuts
    D:11: 15 daAuts
